 Dungeon Crawl Stone Soup version 0.24-a0-443-g80245de385 (webtiles) character file.

Game seed: 127679410770710683

69941 Murumi the Covert (level 15, -5/118 HPs)
             Began as a Formicid Fighter on June 21, 2019.
             Was the Champion of Cheibriados.
             Slain by an orc knight
             ... wielding a +0 long sword
              (16 damage)
             ... on level 12 of the Dungeon.
             The game lasted 01:33:20 (24220 turns).

Murumi the Covert (Formicid Fighter)               Turns: 24220, Time: 01:33:21

Health: -5/118     AC: 26    Str: 39    XL:     15   Next: 76%
Magic:  21/21      EV:  7    Int: 23    God:    Cheibriados [******]
Gold:   938        SH:  0    Dex: 33    Spells: 14/14 levels left

rFire    . . .     SeeInvis +   a - +6 double sword (holy)
rCold    . . .     Gourm    .   c - +0 shield
rNeg     . . .     Faith    .   g - +1 plate armour
rPois    .         Spirit   .   (helmet unavailable)
rElec    .         Reflect  .   r - +2 cloak {MR+}
rCorr    .         Harm     .   N - +2 pair of gloves
MR       ++...                  J - +2 pair of boots of the Assassin {Detection Stab+ Stlth++}
Stlth    ++++......             A - amulet of magic regeneration
HPRegen  0.29/turn              x - +3 ring of dexterity
MPRegen  0.42/turn              P - +2 ring of dexterity

@: held, very slow
A: permanent stasis, dig shafts and tunnels, four strong arms, antennae 3
a: Dig, Shaft Self, Bend Time, Temporal Distortion, Slouch, Step From Time,
Renounce Religion


You were on level 12 of the Dungeon.
You worshipped Cheibriados.
Cheibriados was exalted by your worship.
You were not hungry.

You visited 4 branches of the dungeon, and saw 21 of its levels.
You also visited: Gauntlet.

You collected 2147 gold pieces.
You spent 1209 gold pieces at shops.

Inventory:

Hand Weapons
 a - a +6 double sword of holy wrath (weapon)
 f - a +4 arbalest of freezing
 h - a +0 scimitar of flaming
 D - a +0 long sword
Missiles
 j - 40 bolts
Armour
 c - a +0 shield (worn)
 g - a +1 plate armour (worn)
 r - a +2 cloak of magic resistance (worn)
 J - the +2 pair of boots of the Assassin (worn) {Detection Stab+ Stlth++}
   (You found it in a Gauntlet)

   It makes you much more stealthy.
 N - a +2 pair of gloves (worn)
Jewellery
 k - an uncursed ring of protection from cold
 x - a +3 ring of dexterity (left hand)
 A - an amulet of magic regeneration (around neck)
 P - a +2 ring of dexterity (right hand)
Wands
 b - a wand of paralysis (20)
 t - a wand of scattershot (3)
 w - a wand of flame (11)
 y - a wand of acid (22)
 B - a wand of disintegration (31)
 L - a wand of clouds (5)
 O - a wand of enslavement (7)
Scrolls
 d - 10 scrolls of identify
 e - 9 scrolls of remove curse
 i - 4 scrolls of enchant armour
 o - 3 scrolls of amnesia
 E - 2 scrolls of holy word
 F - 2 scrolls of fear
 G - a scroll of fog
 I - 5 scrolls of magic mapping
 Q - 3 scrolls of enchant weapon
Potions
 l - 12 potions of curing
 m - 3 potions of flight
 n - a potion of brilliance
 v - a potion of agility
 z - a potion of ambrosia
 C - 2 potions of magic
 H - a potion of resistance
 M - 3 potions of lignification
Miscellaneous
 p - a lamp of fire
 q - a fan of gales
 s - a lightning rod (4/4)
 K - 3 boxes of beasts
 R - a phial of floods
Comestibles
 u - 31 rations
 S - 5 chunks of flesh


   Skills:
 - Level 11.0 Fighting
 - Level 10.0 Long Blades
 - Level 10.0 Crossbows
 - Level 11.0 Armour
 - Level 5.3 Dodging
 + Level 13.3 Stealth
 - Level 12.1 Shields
 - Level 8.3 Invocations
 - Level 9.0 Evocations


You had 14 spell levels left.
You didn't know any spells.
Your spell library contained the following spells:

 Spells                   Type           Power        Failure   Level  Hunger
 Beastly Appendage        Tmut           #.....       56%         1    ##.....
 Corona                   Hex            #......      56%         1    ##.....
 Freeze                   Ice            #...         56%         1    ##.....
 Summon Butterflies       Summ           #.......     56%         1    ##.....
 Poisonous Vapours        Pois/Air       #.....       71%         2    ###....
 Slow                     Hex            #.......     71%         2    ###....
 Sticks to Snakes         Tmut           #.......     71%         2    ###....
 Throw Frost              Conj/Ice       #.....       71%         2    ###....
 Call Canine Familiar     Summ           #.......     91%         3    ####...
 Conjure Flame            Conj/Fire      #.......     91%         3    ####...
 Inner Flame              Hex/Fire       #.......     91%         3    ####...
 Mephitic Cloud           Conj/Pois/Air  #.......     91%         3    ####...
 Ozocubu's Armour         Chrm/Ice       #.......     91%         3    ####...
 Portal Projectile        Hex/Tloc       #.....       91%         3    ####...
 Recall                   Summ/Tloc      N/A          91%         3    ####...
 Spider Form              Tmut/Pois      #.........   91%         3    ####...
 Cause Fear               Hex            #.........   100%        4    #####..
 Ice Form                 Ice/Tmut       #.......     100%        4    #####..
 Leda's Liquefaction      Hex/Erth       #.........   100%        4    #####..
 Summon Ice Beast         Ice/Summ       #.......     100%        4    #####..
 Throw Icicle             Conj/Ice       #.......     100%        4    #####..
 Aura of Abjuration       Summ           #.........   100%        5    ######.
 Blade Hands              Tmut           #.........   100%        5    ######.
 Silence                  Hex/Air        #.........   100%        5    ######.
 Summon Demon             Summ           #.........   100%        5    ######.
 Summon Forest            Summ/Tloc      #.........   100%        5    ######.
 Summon Mana Viper        Hex/Summ       #.......     100%        5    ######.
 Yara's Violent Unravell  Hex/Tmut       #.........   100%        5    ######.
 Deflect Missiles         Chrm/Air       #.........   100%        6    #######
 Freezing Cloud           Conj/Ice/Air   #.........   100%        6    #######
 Shadow Creatures         Summ           N/A          100%        6    #######
 Ring of Flames           Chrm/Fire      #.........   100%        7    #######
 Summon Hydra             Summ           #.........   100%        7    #######
 Discord                  Hex            #.........   100%        8    #######


Dungeon Overview and Level Annotations

Branches:
Dungeon (12/15)            Temple (1/1) D:4            Lair (6/6) D:10
 Shoals (0/4) Lair:4       Spider (0/4) Lair:4        Slime (0/5) Lair:6
    Orc (2/2) D:11            Elf (0/3) Orc:2

Altars:
Ashenzari
Cheibriados
Dithmenos
Elyvilon
Fedhas
Gozag
Hepliaklqana
Kikubaaqudgha
Makhleb
Nemelex Xobeh
Okawaru
Qazlal
Ru
Sif Muna
Trog
Uskayaw
Vehumet
Wu Jian
Xom
Yredelemnul
Zin
The Shining One
Beogh

Shops:
D:11 ?   Orc:1 *   Orc:2 [?}}

Portals:
Trove: D:11 (give +6 demon blade)

Annotations:
D:4 exclusion: statue
D:12 Harold


Innate Abilities, Weirdness & Mutations

You cannot be hasted, slowed, berserked, paralysed or teleported.
You can dig through walls and to a lower floor.
Your four strong arms can wield two-handed weapons with a shield.
You have a pair of large antennae on your head. (SInv)


Message History

You barely miss the orc knight.
The orc knight is severely wounded.
Harold throws a throwing net.
The throwing net hits you.
You become entangled in the net!
The orc knight hits you but does no damage.
The cyan ugly thing barely misses you.
The orc knight hits you but does no damage.
You struggle against the net.
The cyan ugly thing headbutts you. The cyan ugly thing shocks you!
You struggle against the net.
The orc knight hits you with a +0 long sword!
* * * LOW HITPOINT WARNING * * *
The orc knight hits you but does no damage.
Harold hits you but does no damage.
The cyan ugly thing headbutts you but does no damage.
You struggle against the net.
The orc knight hits you with a +0 long sword!!
* * * LOW HITPOINT WARNING * * *
The orc knight hits you with a +0 long sword!
You die...

..............#
.....[.........#
.......................#
..................(.....
#.......................
.......................#
#..............uoo.....#
................@@...<^.
#..(...................#
#.............$........$
#..........(...........#
#............[..........
........(...............
.....)..................
...##†##.###########.##.
...##.##.# #...#


You could see Harold, 2 orc knights and a cyan ugly thing.

Vanquished Creatures
  Gastronok (Lair:3)
  An azure jelly (Lair:6)
  An orc warlord (Orc:1)
  A minotaur (Gauntlet)
  5 death oozes (Lair:6)
  Josephine (Orc:2)
  2 great orbs of eyes (Lair:6)
  7 hydras
  2 two-headed ogres (D:9)
  Erica (D:10)
  2 ogre magi (Orc:2)
  Nergalle (Orc:2)
  An orc knight (Orc:1)
  A wolf spider (Lair:4)
  2 oklob plants (Lair:6)
  10 orc sorcerers
  7 elephants
  2 black mambas (Lair:6)
  A smoke demon (Gauntlet)
  Psyche (D:9)
  A torpor snail (Lair:6)
  A centaur skeleton (D:11)
  A gargoyle (D:11)
  8 spiny frogs
  2 minotaur zombies (Gauntlet)
  7 komodo dragons
  4 trolls
  A merfolk (D:11)
  7 polar bears
  4 hornets (Lair:6)
  4 slime creatures (Lair:6)
  11 blink frogs
  5 hippogriffs
  A snapping turtle (Lair:4)
  A dream sheep (Lair:6)
  14 flying skulls (Gauntlet)
  A vampire (D:9)
  13 spriggans (Lair:6)
  5 wraiths (Orc:2)
  6 wyverns (Lair:5)
  2 basilisks
  48 yaks
  2 swamp worms (Gauntlet)
  Grum (D:8)
  2 wargs (Orc:2)
  10 porcupines
  7 water moccasins
  19 orc warriors
  An ice beast (D:9)
  3 sky beasts
  5 black bears
  2 necrophages
  3 phantoms
  4 boggarts (Lair:6)
  6 centaurs
  32 wolves
  8 ogres
  12 crocodiles
  13 bullfrogs
  2 gnoll sergeants
  4 scorpions
  4 killer bees (D:12)
  6 wights (D:9)
  4 electric eels
  7 crimson imps
  A bullfrog zombie (D:5)
  A quasit (D:11)
  3 centaur zombies
  5 orc priests
  7 hounds
  37 orc wizards
  11 jellies
  2 bullfrog skeletons
  3 iguanas
  Jessica (D:2)
  6 worker ants
  A worker ant zombie (D:5)
  9 gnolls
  13 adders
  6 shadow imps
  8 oozes
  4 worms
  A dart slug (D:3)
  6 leopard geckos
  72 orcs
  A ball python (D:2)
  4 giant cockroaches
  9 goblins
  8 hobgoblins
  11 jackals
  5 quokkas
  4 bats
  6 frilled lizards
  5 kobolds
  6 rats
610 creatures vanquished.

Vanquished Creatures (others)
  9 fungi
  2 plants
11 creatures vanquished.

Grand Total: 621 creatures vanquished

Notes
Turn   | Place    | Note
-------+----------+-------------------------------------------
     0 | D:1      | Murumi the Formicid Fighter began the quest for the Orb.
     0 | D:1      | Reached XP level 1. HP: 18/18 MP: 1/1
    73 | D:1      | Reached skill level 1 in Dodging
    98 | D:1      | Reached XP level 2. HP: 20/24 MP: 2/2
   250 | D:1      | Reached XP level 3. HP: 18/29 MP: 3/3
   870 | D:2      | Noticed Jessica
   875 | D:2      | Killed Jessica
   875 | D:2      | Reached XP level 4. HP: 37/37 MP: 4/4
  1200 | D:2      | Found a hide-covered altar of Uskayaw.
  1597 | D:3      | Reached XP level 5. HP: 42/42 MP: 5/5
  1691 | D:3      | Found a hazy altar of Hepliaklqana.
  1706 | D:3      | Reached skill level 5 in Shields
  1983 | D:3      | Reached XP level 6. HP: 44/48 MP: 6/6
  2568 | D:4      | Noticed an ogre
  2576 | D:4      | Killed an ogre
  2580 | D:4      | Found a stormy altar of Qazlal.
  2607 | D:4      | Found a staircase to the Ecumenical Temple.
  2621 | Temple   | Entered the Ecumenical Temple
  2731 | Temple   | Reached skill level 5 in Fighting
  2831 | D:4      | Noticed a phantom
  2841 | D:4      | Reached XP level 7. HP: 53/56 MP: 7/7
  2922 | D:4      | Reached skill level 5 in Armour
  3035 | D:4      | Found a radiant altar of Vehumet.
  3212 | D:4      | Found a sacrificial altar of Ru.
  3355 | D:5      | Entered Level 5 of the Dungeon
  3528 | D:5      | Reached XP level 8. HP: 49/62 MP: 8/8
  3864 | D:5      | Found an ornate altar of the Wu Jian Council.
  4141 | D:5      | Reached skill level 5 in Long Blades
  4626 | D:6      | Reached XP level 9. HP: 67/69 MP: 9/9
  5316 | D:7      | Found a glowing golden altar of the Shining One.
  5412 | D:7      | Found a sacrificial altar of Ru.
  5515 | D:7      | Reached skill level 1 in Evocations
  5669 | D:7      | Found a snail-covered altar of Cheibriados.
  5677 | D:7      | Became a worshipper of Cheibriados the Contemplative
  6384 | D:8      | Reached skill level 1 in Invocations
  6759 | D:8      | Reached * piety under Cheibriados
  7127 | D:8      | Noticed Grum
  7147 | D:8      | Killed Grum
  7338 | D:8      | Reached XP level 10. HP: 68/79 MP: 13/13
  7877 | D:9      | Noticed a two-headed ogre
  7933 | D:9      | Noticed Psyche
  7937 | D:9      | Killed Psyche
  7985 | D:9      | Reached ** piety under Cheibriados
  8211 | D:9      | HP: 3/79 [black bear (3)]
  8826 | D:9      | Killed a two-headed ogre
  8830 | D:9      | Noticed a two-headed ogre
  8844 | D:9      | Killed a two-headed ogre
  8844 | D:9      | Reached XP level 11. HP: 41/86 MP: 14/14
  9155 | D:9      | Found a deep blue altar of Sif Muna.
  9252 | D:9      | Found a bloodstained altar of Trog.
  9379 | D:10     | Entered Level 10 of the Dungeon
  9695 | D:10     | Reached skill level 5 in Invocations
  9801 | D:10     | Noticed Erica
  9825 | D:10     | Killed Erica
  9996 | D:10     | Found a staircase to the Lair.
 10060 | D:10     | Reached *** piety under Cheibriados
 10504 | D:11     | Found a gate leading to a gauntlet.
 10513 | Gauntlet | Entered a Gauntlet
 10513 | Gauntlet | Found a transporter.
 10513 | Gauntlet | Found a transporter.
 10513 | Gauntlet | Noticed a tengu warrior
 10519 | Gauntlet | Found a transporter.
 10519 | Gauntlet | Found a transporter.
 10523 | Gauntlet | Noticed a tengu warrior
 10576 | Gauntlet | Found a transporter.
 10576 | Gauntlet | Found a transporter.
 10576 | Gauntlet | Identified the amulet of Riyluul {Spirit rN++ MR+ Str-5
                  | SInv}
 10854 | Gauntlet | Found a transporter.
 11064 | Gauntlet | Found a transporter.
 11064 | Gauntlet | Found a transporter.
 11068 | Gauntlet | Got a shimmering falchion
 11069 | Gauntlet | Identified the +4 falchion of Zapousen {speed, rF+ rN+ MR+}
                  | (You found it in a Gauntlet)
 11075 | Gauntlet | Found a transporter.
 11078 | Gauntlet | Found a runed translucent door.
 11079 | Gauntlet | Found a transporter.
 11107 | Gauntlet | Reached **** piety under Cheibriados
 11132 | Gauntlet | Reached skill level 10 in Armour
 11135 | Gauntlet | Reached skill level 1 in Crossbows
 11483 | Gauntlet | Found a transporter.
 11492 | Gauntlet | Noticed a minotaur
 11500 | Gauntlet | Killed a minotaur
 11500 | Gauntlet | Reached XP level 12. HP: 44/95 MP: 15/15
 11706 | Gauntlet | Found the +2 pair of boots of the Assassin {Detection Stab+
                  | Stlth++}
 11720 | Gauntlet | Reached skill level 5 in Crossbows
 12096 | D:11     | Reached skill level 1 in Stealth
 12139 | D:11     | Reached skill level 3 in Stealth
 12181 | D:11     | Reached skill level 4 in Stealth
 12249 | D:11     | Found Masko's Magic Scroll Shop.
 12256 | D:11     | Bought a scroll of magic mapping for 49 gold pieces
 12332 | D:11     | Found a portal to a secret trove of treasure.
 12363 | D:11     | Reached ***** piety under Cheibriados
 12363 | D:11     | Reached skill level 5 in Stealth
 12576 | D:11     | Reached skill level 6 in Stealth
 12580 | D:11     | Found a staircase to the Orcish Mines.
 12831 | Lair:1   | Entered Level 1 of the Lair of Beasts
 12852 | Lair:1   | Reached skill level 7 in Stealth
 12978 | Lair:1   | Reached skill level 8 in Stealth
 13341 | Lair:1   | Reached skill level 9 in Stealth
 14069 | Lair:1   | Reached skill level 10 in Stealth
 14562 | Lair:2   | Reached ****** piety under Cheibriados
 14562 | Lair:2   | Reached XP level 13. HP: 95/101 MP: 16/16
 15037 | Lair:2   | Reached skill level 11 in Stealth
 15264 | Lair:2   | Noticed a seven-headed hydra
 15279 | Lair:2   | Killed a one-headed hydra
 15702 | Lair:3   | Reached skill level 10 in Shields
 15981 | Lair:3   | Reached skill level 5 in Evocations
 16174 | Lair:3   | Noticed Gastronok
 16187 | Lair:3   | Killed Gastronok
 16187 | Lair:3   | Reached skill level 12 in Stealth
 16236 | Lair:3   | Noticed a four-headed hydra
 16247 | Lair:3   | Killed a one-headed hydra
 16912 | Lair:4   | Noticed a five-headed hydra
 16987 | Lair:4   | Killed a one-headed hydra
 17222 | Lair:4   | Found a hole to the Spider Nest.
 17435 | Lair:4   | Reached skill level 10 in Fighting
 17625 | Lair:4   | Found a staircase to the Shoals.
 17928 | Lair:5   | Reached XP level 14. HP: 110/110 MP: 18/18
 18851 | Lair:6   | Entered Level 6 of the Lair of Beasts
 18940 | Lair:6   | Found a staircase to the Slime Pits.
 19344 | Lair:6   | Reached skill level 13 in Stealth
 19467 | Lair:6   | Reached skill level 10 in Long Blades
 20892 | Lair:6   | Noticed an azure jelly
 20905 | Lair:6   | Killed an azure jelly
 20905 | Lair:6   | Reached XP level 15. HP: 101/118 MP: 20/20
 20934 | Lair:6   | Reached skill level 10 in Crossbows
 22114 | Orc:1    | Entered Level 1 of the Orcish Mines
 22363 | Orc:2    | Entered Level 2 of the Orcish Mines
 22388 | Orc:1    | Noticed an orc warlord
 22420 | Orc:1    | Killed an orc warlord
 22420 | Orc:1    | Reached skill level 5 in Dodging
 22577 | Orc:1    | Found a roughly hewn altar of Beogh.
 22637 | Orc:1    | Found Faejy's General Store.
 22671 | Orc:1    | Bought a scroll of acquirement for 728 gold pieces
 23239 | Orc:2    | Found Joinak Wura's Magic Scroll Boutique.
 23248 | Orc:2    | Bought a scroll of enchant weapon for 90 gold pieces
 23248 | Orc:2    | Bought a scroll of magic mapping for 42 gold pieces
 23261 | Orc:2    | Found a radiant altar of Vehumet.
 23346 | Orc:2    | Noticed Josephine
 23350 | Orc:2    | Noticed Nergalle
 23354 | Orc:2    | Killed Josephine
 23358 | Orc:2    | Killed Nergalle
 23364 | Orc:2    | Found an ancient bone altar of Kikubaaqudgha.
 23447 | Orc:2    | Found a roughly hewn altar of Beogh.
 23447 | Orc:2    | Found Igidisy's Antique Armour Shop.
 23470 | Orc:2    | Found Taveckof's Gadget Shop.
 23480 | Orc:2    | Found Bonuomal's Gadget Boutique.
 23482 | Orc:2    | Bought a box of beasts for 300 gold pieces
 23673 | Orc:2    | Found a staircase to the Elven Halls.
 24207 | D:12     | Noticed Harold
 24220 | D:12     | Slain by an orc knight

Levels and vault maps discovered:
D:1:      saegor_arrival_simple_a, layout_basic
D:2:      layout_loops_ring, marbit_many_paths, first_ration, uniq_jessica
D:3:      layout_basic, nicolae_overflow_hidden_temple
D:4:      layout_cave_pools, vehumet_statue, old_standard_altar,
          minmay_temple_entry_trees, nicolae_ru_awakened_eye
D:5:      layout_basic, overflow_temple_1_default
D:6:      layout_basic
D:7:      layout_basic, overflow_temple_1_default,
          nicolae_overflow_crystal_walls, lemuel_coloured_pillars_altar
D:8:      layout_cave_pods, serial_glass, glass_columns_c, glass_columns_a,
          glass_columns_a, glass_columns_a, glass_columns_c, glass_columns_a,
          uniq_grum
D:9:      layout_rooms, trog_ov_bears_minmay, kennysheep_little_box, uniq_psyche
D:10:     layout_loops_ring, lair_entry_dummy, uniq_erica
D:11:     layout_small_grid, erik_orc_2, gauntlet_entry_generic, serial_shops,
          shop, enter_trove_1, hangedman_fish_farm
D:12:     layout_basic, sword_in_stone
Temple:   nicolae_temple_hex_pool
Lair:1:   layout_concentric_octagons
Lair:2:   layout_loops_ring
Lair:3:   layout_regular_city, uniq_gastronok
Lair:4:   layout_long_grid, minmay_shoals_entry_hut, spider_nest_entry_rubble,
          serial_bayou_lagoon_a, nicolae_quartered_pool_super, minivault_26
Lair:5:   layout_loops_ring, beast_lair_carwin_10, grunt_megastairs_5
Lair:6:   minmay_lair_end_enchanted_forest, layout_layer_cave,
          minmay_slime_entry_oklob_open, special_room [special_room_jelly]
Orc:1:    layout_caves, serial_shops, shop_statue, basic_altar
Orc:2:    kennysheep_orc_mage_school, layout_diamond_mine, uniq_josephine

Skill      XL: |  1  2  3  4  5  6  7  8  9 10 11 12 13 14 15 |
---------------+----------------------------------------------+-----
Dodging        | 1 2 4 5 |  5.3
Shields        | 4 5 6 7 8 9 10 12 | 12.1
Long Blades    | 3 4 5 8 9 10 | 10.0
Fighting       | 4 5 6 7 8 9 10 11 | 11.0
Armour         | 4 5 6 7 8 10 11 | 11.0
Evocations     | 4 5 6 9 |  9.0
Invocations    | 4 5 6 7 8 |  8.3
Crossbows      | 4 7 9 10 | 10.0
Stealth        | 10 12 13 | 13.3

Action                   |  1- 3 |  4- 6 |  7- 9 | 10-12 | 13-15 || total
-------------------------+-------+-------+-------+-------+-------++-------
Melee: Long sword        |    66 |   193 |   482 |   236 |       ||   977
       Scimitar          |       |       |       |   319 |   938 ||  1257
       Double sword      |       |       |       |       |    54 ||    54
 Fire: Arbalest          |       |       |       |    56 |   149 ||   205
Throw: Stone             |    14 |    73 |    74 |    56 |       ||   217
       Boomerang         |       |    36 |    68 |       |       ||   104
       Dart              |       |     5 |     8 |    24 |       ||    37
Invok: Bend Time         |       |       |       |     5 |       ||     5
       Step From Time    |       |       |       |       |     1 ||     1
       Slouch            |       |       |       |       |     1 ||     1
       Temporal Distorti |       |       |       |       |     1 ||     1
 Abil: Dig               |       |     3 |     6 |     4 |    14 ||    27
Evoke: Wand              |       |       |       |     1 |       ||     1
       Lamp of fire      |       |       |       |     1 |       ||     1
       Box of beasts     |       |       |       |     1 |       ||     1
  Use: Scroll            |     5 |     6 |     7 |     9 |     2 ||    29
       Potion            |       |       |     2 |     6 |     1 ||     9
 Stab: Invisible         |       |       |     2 |     7 |       ||     9
       Distracted        |       |       |     1 |       |     9 ||    10
       Sleeping          |       |       |       |     2 |    22 ||    24
  Eat: Chunk             |       |     7 |    12 |     9 |    20 ||    48
       Ration            |       |       |     1 |     1 |       ||     2
Armor: Scale mail        |    13 |       |       |       |       ||    13
       Plate armour      |    11 |   106 |   174 |   203 |   309 ||   803
       Skin              |       |       |     4 |     8 |       ||    12
Dodge: Dodged            |    29 |    32 |    94 |   196 |   317 ||   668
Block: Shield            |    38 |   110 |   212 |   363 |   669 ||  1392
       Rpst.: Long sword |    11 |    10 |    29 |     5 |       ||    55
       Scimitar          |       |       |       |    29 |    69 ||    98
       Double sword      |       |       |       |       |     2 ||     2

Table legend:
 A = Non-vault XP
 B = Vault XP
 C = Vault XP percentage of total XP
 D = Non-vault monster count
 E = Vault monster count
 F = Vault count percentage of total count
                 A         B        C        D         E       F
            +---------+---------+-------+---------+---------+-------
      Total |   55344 |   44572 |  44.6 |     430 |     180 |  29.5
            +---------+---------+-------+---------+---------+-------
        D:1 |      46 |       0 |   0.0 |      22 |       0 |   0.0
        D:2 |      34 |      50 |  59.5 |      10 |       2 |  16.7
        D:3 |     202 |       0 |   0.0 |      35 |       0 |   0.0
        D:4 |     433 |       0 |   0.0 |      16 |       0 |   0.0
        D:5 |    1079 |       0 |   0.0 |      30 |       0 |   0.0
        D:6 |     319 |       0 |   0.0 |      16 |       0 |   0.0
        D:7 |     434 |       0 |   0.0 |       7 |       0 |   0.0
        D:8 |    1082 |     395 |  26.7 |      26 |       3 |  10.3
        D:9 |    3075 |     671 |  17.9 |      18 |       3 |  14.3
       D:10 |    2309 |     897 |  28.0 |      23 |       1 |   4.2
       D:11 |    1667 |     995 |  37.4 |      12 |      21 |  63.6
       D:12 |     483 |       0 |   0.0 |       7 |       0 |   0.0
     Temple |      42 |       0 |   0.0 |       1 |       0 |   0.0
     Lair:1 |    5670 |       0 |   0.0 |      26 |       0 |   0.0
     Lair:2 |    4907 |       0 |   0.0 |      28 |       0 |   0.0
     Lair:3 |    6923 |    2141 |  23.6 |      28 |       1 |   3.4
     Lair:4 |    5417 |     857 |  13.7 |      18 |       2 |  10.0
     Lair:5 |    3140 |    3247 |  50.8 |      17 |      14 |  45.2
     Lair:6 |   10747 |   19663 |  64.7 |      30 |      71 |  70.3
      Orc:1 |    5783 |       0 |   0.0 |      44 |       0 |   0.0
      Orc:2 |    1552 |    9795 |  86.3 |      16 |      40 |  71.4
   Gauntlet |       0 |    5861 | 100.0 |       0 |      22 | 100.0
            +---------+---------+-------+---------+---------+-------
